 Dungeon Crawl Stone Soup version 0.24.0-13-gcf9b319 (webtiles) character file.

Game seed: 6196388809006335790, levelgen mode: deterministic

219 CBukowski the Poker (level 5, -9/38 HPs)
             Began as a Merfolk Skald on Nov 13, 2019.
             Killed by nerve-wracking pain
             ... invoked by an orc priest
              (14 damage)
             ... on level 4 of the Dungeon.
             The game lasted 00:13:36 (3285 turns).

CBukowski the Poker (Merfolk Skald)                 Turns: 3285, Time: 00:13:36

Health: -9/38      AC:  5    Str: 11    XL:     5   Next: 96%
Magic:  3/8        EV: 12    Int: 14    God:
Gold:   174        SH:  4    Dex: 13    Spells: 5/8 levels left

rFire    . . .     SeeInvis .   a - +0 spear
rCold    . . .     Gourm    .   c - +0 buckler
rNeg     . . .     Faith    .   b - +0 leather armour
rPois    .         Spirit   .   (no helmet)
rElec    .         Reflect  .   f - +0 cloak
rCorr    .         Harm     .   (no gloves)
MR       .....                  j - +0 pair of boots
Stlth    +.........             (no amulet)
HPRegen  0.12/turn              (no ring)
MPRegen  0.11/turn              (no ring)

@: very slightly contaminated
A: change form in water, swift swim, stealthy swim
a: no special abilities


You were on level 4 of the Dungeon.
You were not hungry.

You visited 1 branch of the dungeon, and saw 4 of its levels.

You collected 174 gold pieces.

Inventory:

Hand Weapons
 a - a +0 spear (weapon)
Armour
 b - a +0 leather armour (worn)
 c - a +0 buckler (worn)
 f - a +0 cloak (worn)
 j - a +0 pair of boots (worn)
Scrolls
 e - a scroll of random uselessness {unknown}
 h - a scroll of immolation {unknown}
 i - 2 scrolls of blinking {unknown}
 k - 3 scrolls of remove curse {unknown}
 l - 4 scrolls of magic mapping
 m - 2 scrolls of teleportation {unknown}
 o - a scroll of identify {unknown}
 p - 2 scrolls of noise {unknown}
 s - a scroll of fog {unknown}
Potions
 d - a potion of flight {unknown}
 g - a potion of curing {unknown}
 q - a potion of mutation {unknown}
 t - a potion of degeneration {unknown}
 u - a potion of haste {unknown}
 v - a potion of lignification {unknown}
Comestibles
 n - a chunk of flesh
 r - 2 rations


   Skills:
 - Level 2.1 Fighting
 + Level 6.4 Polearms
 - Level 0.6 Armour
 - Level 2.6 Dodging
 - Level 0.4 Stealth
 * Level 2.0 Shields
 - Level 2.0 Spellcasting
 * Level 4.8 Charms


You had 5 spell levels left.
You knew the following spells:

 Your Spells              Type           Power        Failure   Level  Hunger
a - Infusion              Chrm           ##..         6%          1    ##.....
b - Shroud of Golubria    Chrm/Tloc      #.....       24%         2    ###....

Your spell library contained the following spells:

 Spells                   Type           Power        Failure   Level  Hunger
 Song of Slaying          Chrm           ##......     9%          2    ###....
 Regeneration             Chrm/Necr      #.........   43%         3    ####...
 Spectral Weapon          Hex/Chrm       #.......     43%         3    ####...


Dungeon Overview and Level Annotations

Branches:
Dungeon (4/15)
 Temple: D:4-7

Altars:
Gozag
Xom

Annotations:
D:2 Sigmund


Message History

You hit the orc but do no damage. The orc hits you with a +0 war axe.
* * * LOW HITPOINT WARNING * * *
Your shroud falls apart!
You hit the orc.
The orc is heavily wounded.
You closely miss the orc.
The orc is heavily wounded.
The orc hits you with a +0 war axe.
* * * LOW HITPOINT WARNING * * *
An orc comes into view. It is wielding a +0 whip.
You hit the orc but do no damage.
The orc is heavily wounded.
The howler monkey hoots and howls with incredible vigour!
You hear a shout! x3
You hit the orc.
You kill the orc!
You barely miss the orc priest.
The orc priest calls down the wrath of Beogh upon you.
Pain shoots through your body!
You die...

#....o### ♣o... ##....#
^≈. # #.##.###.# #.### #
#........# #.#'## #
####.##### #....## # #.#
##.....## ## ##.##
##.......## ##.
####...####)........####..
#........@oo........'.....
#.##...#.##h........####..
# ##.##.###.......## ##.
#.##.# ##o....## #. #..#.#
##...## #. ##.#.# ##'## #.
.#.# #.# #. .#.# #.# #. ..


You could see a howler monkey, an orc priest and 2 orcs.

Vanquished Creatures
  An orc priest (D:4)
  Natasha (thrice) (D:2)
  An iguana (D:4)
  4 adders
  2 dart slugs (D:2)
  5 orcs (D:4)
  10 bats
  3 giant cockroaches
  5 goblins
  6 hobgoblins
  A quokka (D:2)
  2 frilled lizards
  A jackal zombie (D:3)
  3 kobolds
  5 rats
52 creatures vanquished.

Notes
Turn   | Place    | Note
-------+----------+-------------------------------------------
     0 | D:1      | CBukowski the Merfolk Skald began the quest for the Orb.
     0 | D:1      | Reached XP level 1. HP: 16/16 MP: 3/3
   318 | D:1      | Reached XP level 2. HP: 22/22 MP: 5/5
   877 | D:2      | Reached XP level 3. HP: 24/27 MP: 6/6
   889 | D:2      | Noticed Natasha
   901 | D:2      | Killed Natasha
   901 | D:2      | Reached skill level 4 in Polearms
   901 | D:2      | Reached skill level 1 in Shields
  1056 | D:2      | Noticed Natasha
  1069 | D:2      | HP: 1/27 [Natasha (7)]
  1071 | D:2      | Killed Natasha
  1071 | D:2      | Reached XP level 4. HP: 1/33 MP: 7/7
  1114 | D:2      | Noticed Natasha
  1400 | D:2      | Killed Natasha
  1570 | D:2      | Reached skill level 5 in Polearms
  1570 | D:2      | Reached XP level 5. HP: 24/38 MP: 8/8
  1944 | D:2      | Noticed Sigmund
  2411 | D:3      | Found an opulent altar of Gozag.
  2770 | D:3      | Learned a level 2 spell: Shroud of Golubria
  3178 | D:4      | Found a shimmering altar of Xom.
  3179 | D:4      | Found a shimmering altar of Xom.
  3179 | D:4      | Found a shimmering altar of Xom.
  3180 | D:4      | Found a shimmering altar of Xom.
  3206 | D:4      | Reached skill level 6 in Polearms
  3285 | D:4      | Killed from afar by an orc priest

Levels and vault maps discovered:
D:1:      psy_arrival_heroes, layout_basic, minmay_tetromino_l4
D:2:      layout_rooms, minmay_pentomino_pile, uniq_natasha, uniq_sigmund
D:3:      layout_basic, nicolae_overflow_crystal_walls
D:4:      layout_loops_corners, xom_redecorated, first_ration

Skill      XL: |  1  2  3  4  5 |
---------------+----------------+-----
Charms         | 4 |  4.8
Polearms       | 4 5 6 |  6.4
Shields        | 1 2 |  2.0
Fighting       | |  2.1
Armour         | |  0.6
Dodging        | |  2.6
Stealth        | |  0.4
Spellcasting   | |  2.0

Action                   |  1- 3 |  4- 6 || total
-------------------------+-------+-------++-------
Melee: Spear             |   111 |   143 ||   254
 Cast: Infusion          |     1 |       ||     1
       Shroud of Golubri |       |     2 ||     2
  Use: Scroll            |     1 |       ||     1
 Stab: Sleeping          |     1 |       ||     1
       Distracted        |       |     1 ||     1
  Eat: Chunk             |     1 |     2 ||     3
       Ration            |       |     2 ||     2
Armor: Leather armour    |    23 |    26 ||    49
Dodge: Dodged            |    46 |    69 ||   115
Block: Buckler           |    16 |    10 ||    26
